Map: Fracture LE

Players

Brian

  • Race: Terran Terran
  • League: Gold
  • Spawn Location: 11:00

AllMight - Winner!

  • Race: Terran Terran
  • Spawn Location: 5:00

VOD

Have the link to the VOD?

Description

Time

  • Played on: Oct. 18, 2018, 2:38 a.m.
  • Length: 6:10
Show
View Real Time Build Order
Export as new Build Order

Brian Terran 

Build Orders:  

Get SALT Encoding   

  12  0:01  SCV  
  13  0:13  SCV  
  14  0:18  Supply Depot  
  14  0:26  SCV  
  15  0:33  Refinery  
  15  0:40  SCV  
  16  0:49  Supply Depot  
  16  0:52  SCV  
  17  1:04  Barracks  
  17  1:22  Barracks  
  17  1:30  SCV  
  18  1:42  SCV  
  19  1:51  Reaper  
  20  2:01  Orbital Command  
  20  2:09  Reaper  
  20  2:23  Reaper  
  21  2:41  Reaper  
  20  2:55  Reaper  
  15  3:13  Reaper  
  10  3:35  SCV  
  10  3:38  Marine  
  10  3:45  Marine  
  10  3:47  SCV  
  10  3:56  Marine  
  10  4:00  SCV  
  12  4:03  Marine  
  13  4:12  SCV  
  13  4:14  Marine  
  15  4:21  Marine  
  15  4:24  SCV  
  16  4:32  Marine  
  17  4:39  Marine  
  18  4:50  Marine  
  19  4:56  Marine  
  12  5:07  Marine  
  12  5:14  Marine  
  13  5:25  Marine  
  9  5:32  Marine  
  6  5:43  Marine  
Show
View Real Time Build Order
Export as new Build Order

AllMight Terran - Winner!

Build Orders: Cyclone Opening 

Get SALT Encoding   

  12  0:00  SCV  
  13  0:12  SCV  
  14  0:16  Supply Depot  
  14  0:24  SCV  
  15  0:38  SCV  
  15  0:39  Barracks  
  16  0:50  SCV  
  16  0:55  Refinery  
  17  1:01  Refinery  
  17  1:02  SCV  
  18  1:14  SCV  
  19  1:26  Supply Depot  
  19  1:32  Orbital Command  
  19  1:33  Reaper  
  20  1:56  Factory  
  20  1:59  SCV  
  22  2:20  Barracks Reactor  
  22  2:21  SCV  
  22  2:33  SCV  
  22  2:34  Factory  
  23  2:47  Cyclone  
  25  3:16  SCV  
  24  3:26  Cyclone  
  27  3:28  SCV  
  28  3:58  Cyclone  
  30  4:19  SCV  
  31  4:36  Supply Depot  
  31  4:44  Command Center  
  31  4:58  Hellion x2, Cyclone, SCV  
  39  5:19  Marine  
  39  5:22  Cyclone  
  39  5:24  Cyclone  
  35  5:28  Supply Depot  
  37  5:51  Supply Depot  
Tags
 
League
Gold
Matchup
TvT
Race
Terran
Spawn Locations
Cross Positions
Add a new tag
Caveats
  • Supply blocks, unpowered buildings, or Contaminate may cause inaccurate times.
  • Supply counts are checked every 10 seconds.